Map: Blueshift LE

Players

Ninja

  • Race: Protoss Protoss
  • Spawn Location: 1:00

Semper - Winner!

  • Race: Terran Terran
  • Spawn Location: 7:00

Event: WCS Montreal 2018

VOD

Have the link to the VOD?

Description

Time

  • Played on: Sept. 7, 2018, 12:41 p.m.
  • Length: 8:37

All games in this series

Show
View Real Time Build Order
Export as new Build Order

Ninja Protoss 

Build Orders: 1 Gate Expand 

Get SALT Encoding   

  12  0:01  Probe  
  13  0:13  Probe  
  14  0:17  Pylon  
  14  0:24  Probe  
  15  0:32  Probe  
  15  0:37  Gateway  
  15  0:40  Probe  
  16  0:46  Assimilator  
  17  0:51  Probe  
  18  0:59  Probe  
  19  1:07  Probe  
  20  1:26  Nexus  
  20  1:33  Cybernetics Core  
  20  1:34  Probe  
  20  1:39  Assimilator  
  21  1:46  Probe  
  22  1:49  Pylon  
  22  1:58  Probe  
  22  1:59  Stalker  
  23  2:11  Warp Gate, Probe  
  26  2:23  Probe  
  26  2:27  Twilight Council  
  27  2:32  Stalker  
  27  2:34  Probe  
  27  2:35  Probe  
  30  2:42  Probe  
  31  2:47  Probe  
  33  2:52  Probe  
  34  3:02  Stalker, Gateway  
  34  3:04  Probe  
  34  3:05  Probe  
  38  3:10  Resonating Glaives  
  38  3:17  Probe x2  
  40  3:23  Robotics Facility  
  40  3:27  Pylon  
  40  3:29  Probe  
  41  3:35  Gateway  
  41  3:37  Probe  
  37  3:51  Probe  
  37  3:52  Shield Battery  
  37  3:54  Probe  
  36  3:59  Probe  
  36  4:02  Probe  
  37  4:08  Probe  
  39  4:10  Probe, Observer  
  42  4:18  Probe  
  42  4:20  Probe  
  44  4:24  Nexus  
  44  4:29  Pylon  
  43  4:32  Probe  
  43  4:36  Pylon  
  37  4:55  Stalker  
  34  5:05  Probe  
  33  5:08  Probe  
  33  5:11  Stalker x2  
  33  5:13  Probe  
  38  5:16  Probe  
  40  5:21  Probe  
  40  5:24  Probe  
  41  5:31  Warp Prism  
  41  5:33  Probe  
  41  5:34  Probe  
  45  5:39  Probe  
  45  5:41  Stalker  
  49  5:43  Probe  
  49  5:45  Probe  
  49  5:47  Probe  
  51  5:55  Probe x2  
  52  5:57  Pylon  
  52  5:59  Probe  
  55  6:05  Probe  
  55  6:06  Probe  
  55  6:07  Observer  
  55  6:11  Probe  
  59  6:13  Probe  
  60  6:18  Probe  
  60  6:22  Probe  
  60  6:23  Probe  
  63  6:28  Stalker x3  
  63  6:31  Probe, Observer  
  63  6:32  Observer  
  71  6:33  Pylon  
  71  6:34  Probe  
  71  6:37  Probe  
  73  6:42  Shield Battery, Probe  
  73  6:43  Probe  
  75  6:49  Probe, Forge  
  75  6:52  Forge  
  75  6:53  Probe  
  76  6:55  Probe  
  76  6:58  Pylon  
  76  7:01  Probe, Observer  
  79  7:02  Stalker, Gateway  
  82  7:09  Probe  
  83  7:16  Sentry x2  
  87  7:25  Probe  
  87  7:27  Probe  
  87  7:28  Assimilator, Probe  
  90  7:30  Assimilator  
  90  7:33  Pylon  
  90  7:34  Adept  
  92  7:37  Probe  
  93  7:49  Adept x2  
  93  7:50  Probe  
  98  7:54  Gateway  
  98  7:55  Gateway  
  98  7:57  Gateway  
  98  7:58  Gateway  
  98  7:59  Pylon  
  98  8:02  Adept  
  98  8:03  Adept  
  98  8:05  Probe  
  101  8:08  Pylon  
  101  8:17  Adept x2  
  101  8:19  Probe  
  106  8:22  Pylon  
  106  8:23  Probe  
  99  8:29  Adept x2  
Show
View Real Time Build Order
Export as new Build Order

Semper Terran - Winner!

Build Orders: Gas First Reaper Expand, Hellion Opening, Reaper Expand, MMM Bio 

Get SALT Encoding   

  12  0:01  SCV  
  13  0:13  SCV  
  14  0:17  Supply Depot  
  14  0:25  SCV  
  15  0:28  Refinery  
  15  0:39  SCV  
  16  0:44  Barracks  
  16  0:51  SCV  
  17  1:03  SCV  
  18  1:15  SCV  
  19  1:33  Reaper, Orbital Command  
  20  1:46  Command Center  
  20  1:59  Factory  
  20  2:01  SCV  
  21  2:06  Barracks Reactor  
  21  2:13  SCV  
  21  2:15  Supply Depot  
  22  2:21  Refinery  
  22  2:25  SCV  
  23  2:37  SCV  
  24  2:45  Starport  
  24  2:50  Hellion x2  
  28  2:53  SCV  
  28  2:56  Marine  
  30  2:59  Orbital Command  
  30  3:06  SCV  
  30  3:12  Hellion  
  33  3:13  Hellion  
  33  3:18  SCV  
  36  3:23  Medivac  
  36  3:24  SCV  
  39  3:30  SCV  
  39  3:31  Supply Depot  
  40  3:39  Hellion x2  
  43  3:52  SCV  
  44  3:56  Barracks Tech Lab  
  44  3:59  SCV  
  44  4:00  Cyclone x2  
  51  4:02  Supply Depot  
  51  4:06  SCV  
  52  4:10  Bunker  
  52  4:15  Marauder  
  54  4:23  Engineering Bay  
  54  4:24  SCV x2  
  54  4:29  Supply Depot  
  54  4:44  SCV  
  49  4:48  Marine x2, Siege Tank  
  49  4:52  Barracks x2, Viking  
  54  5:03  SCV  
  54  5:06  SCV, Marine x2  
  56  5:10  Missile Turret  
  56  5:15  SCV  
  56  5:18  Terran Infantry Weapons Level 1, Supply Depot  
  55  5:22  Siege Tank  
  55  5:24  Marine x2  
  55  5:25  SCV  
  55  5:27  SCV  
  62  5:36  Starport Tech Lab  
  62  5:37  SCV  
  62  5:40  SCV  
  62  5:42  Marine, Supply Depot  
  65  5:45  Barracks Tech Lab  
  65  5:49  SCV  
  66  5:52  SCV  
  66  5:54  Siege Tank  
  70  6:02  SCV, Starport Reactor, Refinery x2  
  70  6:04  SCV, Marine x4  
  72  6:07  Stimpack  
  76  6:13  Supply Depot  
  76  6:14  SCV  
  76  6:18  SCV  
  78  6:22  Marine  
  78  6:24  Marauder x2, Marine  
  84  6:26  SCV  
  84  6:30  SCV, Supply Depot  
  86  6:38  SCV  
  87  6:42  Command Center  
  87  6:43  Medivac  
  87  6:45  Marine x2  
  91  6:49  Factory Reactor  
  91  6:50  SCV x2  
  93  6:55  Combat Shields  
  93  6:56  Missile Turret  
  93  7:01  Marauder  
  95  7:03  SCV x2  
  95  7:07  Marine x2  
  99  7:15  Medivac, SCV  
  101  7:22  SCV  
  102  7:25  Supply Depot  
  102  7:27  Supply Depot  
  102  7:28  Marine  
  102  7:29  Medivac, Marauder  
  107  7:32  Barracks  
  107  7:36  Barracks  
  107  7:38  Marine  
  108  7:44  Marine  
  108  7:47  Marauder, Widow Mine  
  108  7:50  Marauder, SCV  
  116  7:56  Marine, Orbital Command  
  117  7:58  SCV  
  117  8:02  Marine  
  119  8:06  Medivac x2  
  119  8:07  SCV  
  119  8:08  Marauder  
  119  8:11  Marine  
  119  8:12  SCV  
  128  8:19  SCV  
  129  8:24  SCV  
Tags
 
Add a new tag
Caveats
  • Supply blocks, unpowered buildings, or Contaminate may cause inaccurate times.
  • Supply counts are checked every 10 seconds.